 Dungeon Crawl Stone Soup version 0.29-a0-330-g52719c12eb (webtiles) character file.

Game seed: 2888765417447362714

133 kae the Firebug (level 4, -8/33 HPs)
             Began as a Demigod Fire Elementalist on May 1, 2022.
             Killed by divine providence
             ... invoked by an orc priest
              (14 damage)
             ... on level 3 of the Dungeon.
             The game lasted 00:01:32 (3516 turns).

kae the Firebug (Demigod Fire Elementalist)         Turns: 3516, Time: 00:01:32

Health: -8/33      AC:  4    Str:  9    XL:     4   Next: 64%
Magic:  3/11       EV: 12    Int: 21    God:
Gold:   163        SH:  0    Dex: 14    Spells: 2/8 levels left

rFire   . . .      SeeInvis .   m - staff of death
rCold   + . .      Faith    .   (no shield)
rNeg    + . .      Spirit   .   g - +1 robe {rC+}
rPois   .          Reflect  .   (no helmet)
rElec   .          Harm     .   (no cloak)
rCorr   .          Rampage  .   (no gloves)
Will    .....                   l - +0 pair of boots
Stlth   ++........              (no amulet)
HPRegen 0.11/turn               (no ring)
MPRegen 0.12/turn               (no ring)

@: very slightly contaminated
A: high MP 1, forlorn, divine attributes
a: no special abilities


You were on level 3 of the Dungeon.
You visited 1 branch of the dungeon, and saw 3 of its levels.

You collected 163 gold pieces.

Inventory:

Missiles
 d - a throwing net
Armour
 a - a +0 robe
 g - a +1 robe of cold resistance (worn)
 l - a +0 pair of boots (worn)
Magical Staves
 m - a staff of death (weapon)
Scrolls
 e - a scroll of immolation
 n - 3 scrolls of amnesia {unknown}
Potions
 b - a potion of magic
 c - 2 potions of heal wounds
 f - a potion of curing {unknown}
 h - a potion of haste {unknown}
 i - a potion of lignification {unknown}
 j - 2 potions of degeneration {unknown}
 k - a potion of brilliance {unknown}


   Skills:
 - Level 1.7 Dodging
 - Level 1.7 Stealth
 + Level 2.9 Spellcasting
 + Level 2.5 Conjurations
 + Level 3.6 Fire Magic


You had 2 spell levels left.
You knew the following spells:

 Your Spells              Type           Power      Damage    Failure   Level
a - Foxfire               Conj/Fire      64%        2x1d7     3%          1
b - Scorch                Fire           36%        2d6       4%          2
c - Conjure Flame         Conj/Fire      16%        6-21      11%         3

Your spell library contained the following spells:

 Spells                   Type           Power      Damage    Failure   Level
 Inner Flame              Hex/Fire       10%        N/A       19%         3
 Ignite Poison            Fire/Tmut/Pois 8%         N/A       24%         3
 Mephitic Cloud           Conj/Pois/Air  6%         N/A       28%         3
 Flame Wave               Conj/Fire      16%        2d6       36%         4
 Freezing Cloud           Conj/Ice/Air   3%         6-21      95%         5


Dungeon Overview and Level Annotations

Branches:
Dungeon (3/15)


Innate Abilities, Weirdness & Mutations

You have an increased reservoir of magic. (+10% MP)
You shall have no god before yourself.
Your divine heritage dramatically boosts your attributes as you level up.


Message History

The foxfire hits the orc but does no damage.
There are monsters nearby!
Casting: Foxfire (safe; 3% risk of failure)
Confirm with . or Enter, or press ? or * to list all spells.
You conjure some foxfire!
The foxfire hits the orc but does no damage.
An orc priest comes into view. It is wielding a +0 war axe.
The foxfire hits the orc but does no damage.
Casting: Foxfire (safe; 3% risk of failure)
Confirm with . or Enter, or press ? or * to list all spells.
You miscast Foxfire.
Nothing appears to happen.
The orc barely misses you.
Casting: Foxfire (safe; 3% risk of failure)
Confirm with . or Enter, or press ? or * to list all spells.
You conjure some foxfire!
The orc hits you with a +0 flail.
The orc priest mumbles some strange prayers to Beogh against you.
Beogh smites you!
The foxfire hits the orc.
The orc is severely wounded.
The foxfire hits the orc.
The orc is almost dead.
The orc hits you with a +0 flail!
* * * LOW HITPOINT WARNING * * *
The orc hits you with a +0 club.
* * * LOW HITPOINT WARNING * * *
Casting: Foxfire (safe; 3% risk of failure)
Confirm with . or Enter, or press ? or * to list all spells.
You conjure some foxfire!
The orc hits you with a +0 club.
* * * LOW HITPOINT WARNING * * *
The orc barely misses you.
The foxfire hits the orc.
You kill the orc!
The foxfire hits the orc.
The orc is lightly wounded.
The orc completely misses you.
Casting: Foxfire (safe; 3% risk of failure)
Confirm with . or Enter, or press ? or * to list all spells.
You conjure some foxfire!
The orc priest calls down the wrath of Beogh upon you.
Beogh smites you!
You die...

. #. . ..
#.. .# .#
#.# #.# ..
#.# ... ..
##.###)# ##
#..o.).####
..
#$v)o....>.
### #.v@#
... ##ยง##
.## #.#
#.##.#
#.##.#
#.##.#
#.##..
#.##.#
#.##.# ###


You could see an orc priest (ally target) and an orc.

Vanquished Creatures
  Robin (D:2)
  3 gnolls (D:2)
  4 adders
  A dart slug (D:1)
  3 orcs (D:3)
  4 bats
  4 endoplasms
  3 giant cockroaches
  12 goblins
  5 hobgoblins
  4 kobolds
  A ball python (D:1)
  3 frilled lizards
  5 rats
53 creatures vanquished.

Vanquished Creatures (others)
  A goblin (D:2)
  169 foxfires
170 creatures vanquished.

Grand Total: 223 creatures vanquished

Notes
Turn   | Place    | Note
-------+----------+-------------------------------------------
     0 | D:1      | kae the Demigod Fire Elementalist began the quest for the
                  | Orb.
     0 | D:1      | Reached XP level 1. HP: 14/14 MP: 5/5
    94 | D:1      | Reached skill level 1 in Conjurations
   306 | D:1      | Reached XP level 2. HP: 20/20 MP: 4/7
   467 | D:1      | Reached skill level 3 in Fire Magic
  1262 | D:2      | Reached XP level 3. HP: 25/26 MP: 2/9
  1889 | D:2      | Learned a level 2 spell: Scorch
  1893 | D:2      | Learned a level 3 spell: Conjure Flame
  2209 | D:2      | Noticed Robin
  2370 | D:2      | Reached XP level 4. HP: 33/33 MP: 7/10
  2705 | D:2      | Killed Robin
  3159 | D:3      | Identified the +0 scale mail of the Meadowlark {Str+7 Int-5
                  | Slay+2}
  3516 | D:3      | Killed from afar by an orc priest

Illustrated notes

Levels and vault maps discovered:
D:1:      nicolae_arrival_washed_ashore, layout_rooms, serial_forest,
          infiniplex_forest_clump_tiny, infiniplex_forest_end_double,
          infiniplex_forest_lined_3_way, infiniplex_forest_join,
          infiniplex_forest_lined_room_, infiniplex_forest_lined_corner,
          infiniplex_forest_zigzag_1, infiniplex_forest_lined_4_way,
          hellmonk_ecumenical_altar_crossroads, minmay_misc_feat_pillars
D:2:      layout_loops_corners, minmay_door_square, hex_large, minmay_domino_2,
          uniq_robin
D:3:      layout_loops_ring, amcnicky_altar_gilded

Skill      XL: |  1  2  3 |
---------------+----------+-----
Conjurations   | 1 2 |  2.5
Spellcasting   | 2 |  2.9
Fire Magic     | 3 |  3.6
Dodging        | |  1.7
Stealth        | |  1.7

Action                   |  1- 3 |  4- 6 || total
-------------------------+-------+-------++-------
 Cast: Foxfire           |    66 |    41 ||   107
       Scorch            |     1 |    12 ||    13
  Use: Scroll            |     5 |       ||     5
Armor: Robe              |     7 |     5 ||    12
Dodge: Dodged            |    14 |    15 ||    29

Table legend: (Time is in decaauts)
 A = Elapsed time spent in this place.
 B = Non-inter-level travel time spent in this place.
 C = Inter-level travel time spent in this place.
 D = Time resting spent in this place.
 E = Time spent auto-exploring this place.
 F = Levels seen in this place.
 G = Mean time per level.
                   A        B        C        D        E       F      G
               +--------+--------+--------+--------+--------+-----+--------+
         Total |   3520 |   3453 |     67 |    465 |   2531 |   3 | 1173.3 |
       Dungeon |   3520 |   3453 |     67 |    465 |   2531 |   3 | 1173.3 |
               +--------+--------+--------+--------+--------+-----+--------+

Top non-repeatable levels by time:
     D:1: 1496 daAuts
     D:2: 1348 daAuts
     D:3: 676 daAuts
